 Dungeon Crawl Stone Soup version 0.17-a0-1181-gabc46e6 (webtiles) character file.

839 Fluffy the Skirmisher (level 7, -7/56 HPs)
             Began as a Demonspawn Fighter on May 31, 2015.
             Was a Follower of Okawaru.
             Killed from afar by an orc priest (10 damage)
             ... with a wand of lightning
             ... on level 4 of the Dungeon.
             The game lasted 00:12:03 (4414 turns).

Fluffy the Skirmisher (Demonspawn Fighter)          Turns: 4414, Time: 00:12:03

Health: -7/56      AC: 17    Str: 18    XL:     7   Next: 67%
Magic:  10/10      EV:  2    Int: 10    God:    Okawaru [*.....]
Gold:   156        SH:  8    Dex: 12    Spells: 0 memorised, 6 levels left

rFire  . . .     SeeInvis .     a - +0 long sword
rCold  + . .     Clarity  .     m - +0 plate armour
rNeg   . . .     SustAt   .     c - +0 shield
rPois  .         Gourm    .     (no helmet)
rElec  .         Spirit   .     n - +0 cloak {MR+}
rCorr  .         Warding  .     h - +0 pair of gloves
rMut   .         Stasis   .     (no boots)
MR     +....                    (no amulet)
Stlth  ..........               (no ring)
                                (no ring)

@: somewhat resistant to hostile enchantments, extremely unstealthy
A: talons 1, molten scales 2, cold resistance 1
a: Heroism, Renounce Religion


You were on level 4 of the Dungeon.
You worshipped Okawaru.
Okawaru was aware of your devotion.
You were not hungry.

You visited 1 branch of the dungeon, and saw 4 of its levels.

You collected 156 gold pieces.

Inventory:

Hand weapons
 a - a +0 long sword (weapon)
Armour
 c - a +0 shield (worn)
 h - a +0 pair of gloves (worn)
 m - a +0 plate armour (worn)
 n - a +0 cloak of magic resistance (worn)
Scrolls
 r - a scroll of recharging
Potions
 b - 3 potions of flight
 d - 2 potions of mutation
 f - a potion of berserk rage {unknown}
 g - 3 potions of heal wounds
 k - a potion of agility
 l - 3 potions of invisibility
 o - 2 potions of curing
 p - 2 potions of magic
Comestibles
 e - 6 bread rations
 i - a slice of pizza
 j - a meat ration
 q - a beef jerky


   Skills:
 + Level 5.4 Fighting
 + Level 4.4 Long Blades
 + Level 5.0 Armour
 - Level 2.6 Shields
 + Level 4.1 Invocations


You had 6 spell levels left.
You didn't know any spells.

Dungeon Overview and Level Annotations

Branches:
Dungeon (4/15)
 Temple: D:4-7

Altars:
Ashenzari
Okawaru
Sif Muna


Innate Abilities, Weirdness & Mutations

You have sharp toenails.
You are mostly covered in molten scales (AC +3, EV -1).
Your flesh is cold resistant.


Message History

The goblin hits you but does no damage.
You hit the goblin.
You kill the goblin!
Okawaru accepts your kill.
The orc priest zaps a wand.
The bolt of lightning hits you!
It is a wand of lightning.
The orc priest hits you but does no damage.
Found a shiny chain mail.
Items here: ))) [ †††† You closely miss the orc priest.
The orc priest hits you but does no damage.
You hit the orc priest. Your kick misses the orc priest.
The orc priest is lightly wounded.
The orc priest zaps a wand.
The bolt of lightning hits you!
The orc priest zaps a wand.
The bolt of lightning hits you!
* * * LOW HITPOINT WARNING * * *
Your plate armour prevents you from hitting the orc priest.
The orc priest is lightly wounded.
The orc priest zaps a wand.
The bolt of lightning hits you!
You die...

#.....# #...#
#.....########
#
#..>..........
#. ###
###.##########
#.##.#####.#
.###.$........#
[.......#######
$######.# #@#
#.o...[#
###....# ....#
...# ...# ..#
..#


You could see an orc priest.

Vanquished Creatures
  The ghost of Fluffy the Skirmisher, an average DsGl (D:3)
  Sigmund (D:3)
  A hound (D:4)
  3 orc priests
  A gnoll shaman (D:4)
  A worker ant (D:4)
  2 orc wizards (D:4)
  8 gnolls
  6 adders
  A worm (D:2)
  An adder skeleton (D:4)
  2 giant geckos
  13 orcs
  A ball python (D:2)
  2 giant cockroaches
  9 goblins
  13 hobgoblins
  10 jackals
  9 kobolds
  8 bats
  3 giant newts
  17 rats
113 creatures vanquished.

Notes
Turn   | Place    | Note
--------------------------------------------------------------
     0 | D:1      | Fluffy the Demonspawn Fighter began the quest for the Orb.
     0 | D:1      | Reached XP level 1. HP: 18/18 MP: 1/1
   190 | D:1      | Gained mutation: You are partially covered in molten scales (AC +1). [demonic ancestry]
   190 | D:1      | Reached XP level 2. HP: 18/24 MP: 2/2
   939 | D:2      | Found a shattered altar of Ashenzari.
   951 | D:2      | Gained mutation: Your flesh is cold resistant. [demonic ancestry]
   951 | D:2      | Reached XP level 3. HP: 29/29 MP: 3/3
  1317 | D:2      | Gained mutation: You have sharp toenails. [demonic ancestry]
  1317 | D:2      | Reached XP level 4. HP: 30/37 MP: 4/4
  1752 | D:2      | Reached skill level 4 in Fighting
  2044 | D:3      | Found an iron altar of Okawaru.
  2058 | D:3      | Reached XP level 5. HP: 42/42 MP: 5/5
  2062 | D:3      | Became a worshipper of Warmaster Okawaru
  2171 | D:3      | Noticed Fluffy's ghost (average DsGl)
  2584 | D:2      | Reached skill level 1 in Invocations
  2660 | D:3      | Noticed Sigmund
  3216 | D:3      | Killed Fluffy's ghost
  3216 | D:3      | Reached XP level 6. HP: 27/49 MP: 4/7
  3226 | D:3      | Acquired Okawaru's first power
  3464 | D:3      | Killed Sigmund
  3464 | D:3      | Reached skill level 5 in Fighting
  3464 | D:3      | Gained mutation: You are mostly covered in molten scales (AC +3, EV -1). [demonic ancestry]
  3464 | D:3      | Reached XP level 7. HP: 43/56 MP: 7/9
  3805 | D:4      | HP: 1/56 [orc wizard/magic dart (8)]
  3931 | D:4      | Found a deep blue altar of Sif Muna.
  3970 | D:4      | Reached skill level 5 in Armour
  4414 | D:4      | Killed from afar by an orc priest

Vault maps used:
D:1:      lemuel_arrival_rhombus, minmay_rat_gold_closets
D:2:      overflow_temple_1_default, minmay_misc_feat_ornament,
          minmay_misc_feat_square
D:3:      first_bread, interstate_on_off, okawaru_ov_weapons_minmay,
          uniq_sigmund
D:4:      nicolae_overflow_crystal_walls

Action                   |  1- 3 |  4- 6 |  7- 9 || total
-------------------------+-------+-------+-------++-------
Melee: Long sword        |   129 |   188 |   175 ||   492
  Use: Scroll            |       |    13 |     2 ||    15
       Potion            |       |     1 |     2 ||     3
  Eat: Chunk             |     1 |     7 |     4 ||    12
